 Dungeon Crawl Stone Soup version 0.31-a0-544-gceb718ecc6 (webtiles) character file.

Game seed: 7531495353801096700

42 arthad the Trooper (level 3, 0/24 HPs)
             Began as a Gargoyle Fighter on Aug 15, 2023.
             Killed by nerve-wracking pain
             ... invoked by Jessica
              (7 damage)
             ... on level 1 of the Dungeon.
             The game lasted 00:01:25 (812 turns).

arthad the Trooper (Gargoyle Fighter)                Turns: 812, Time: 00:01:26

Health: 0/24       AC: 10    Str: 21    XL:     3   Next: 56%
Magic:  3/3        EV:  9    Int:  8    God:
Gold:   53         SH:  4    Dex:  9    Spells: 2/2 levels left

rFire   . . .        a - +0 flail
rCold   . . .        c - +0 buckler
rNeg    + . .        b - +0 scale mail
rPois   ∞            (no helmet)
rElec   +            (no cloak)
rCorr   .            (no gloves)
SInv    .            (no boots)
Will    .....        (no amulet) Stlth
                     (no ring)
HPRegen 0.24/turn    (no ring)
MPRegen 0.08/turn

%: no passive effects
@: no status effects
A: sickness immunity, AC +3, negative energy resistance 1, electricity
resistance, torment resistance 1, petrification resistance
a: no special abilities


You were on level 1 of the Dungeon.
You visited 1 branch of the dungeon, and saw 2 of its levels.

You collected 53 gold pieces.

Inventory:

Hand Weapons
 a - a +0 flail (weapon)
Missiles
 g - 3 poisoned darts
Armour
 b - a +0 scale mail (worn)
 c - a +0 buckler (worn)
Jewellery
 f - a ring of fire
Scrolls
 h - 2 scrolls of enchant weapon {unknown}
 i - 2 scrolls of teleportation {unknown}
 l - a scroll of identify {unknown}
Potions
 d - 2 potions of might
 e - a potion of degeneration {unknown}
 j - a potion of curing
 k - a potion of invisibility {unknown}


   Skills:
 * Level 3.8 Fighting
 * Level 2.4 Maces & Flails
 * Level 3.6 Armour
 + Level 0.4 Dodging
 * Level 3.6 Shields


You had 2 spell levels left.
You didn't know any spells.
Your spell library contained the following spells:

 Spells                   Type           Power      Damage    Failure   Level
 Stone Arrow              Conj/Erth      0%         3d7       99%         3
 Animate Armour           Summ/Erth      0%         N/A       100%        4
 Lehudib's Crystal Spear  Conj/Erth      0%         10d2      100%        8


Dungeon Overview and Level Annotations

Branches:
Dungeon (2/15)

Altars:

Annotations:
D:1 Jessica
D:2 Robin


Innate Abilities, Weirdness & Mutations

You are immune to sickness and miasma.
Your stone body is resilient. (AC +3)
You are immune to poison.
You resist negative energy. (rN+)
You are resistant to electric shocks. (rElec)
You are resistant to unholy torment.
You are immune to petrification.


Message History

Robin says, "My goblins will feast on your bones."
You closely miss the goblin. The goblin hits you but does no damage.
You closely miss the goblin. The goblin hits you but does no damage.
You barely miss the goblin. The goblin barely misses you.
Jessica hits you with a +3 club. You block the goblin's attack.
Robin closely misses you.
You sock Jessica!
Jessica is severely wounded.
Jessica hits you with a +3 club. The goblin hits you but does no damage.
Robin hits you from afar with a +0 spear.
You hit Jessica but do no damage.
Jessica is severely wounded.
Jessica hits you but does no damage. The goblin hits you with a +0 dagger.
Robin roars a battlecry!
The goblin goes into a battle-frenzy!
Jessica casts a spell at you. Pain shoots through your body!
* * * LOW HITPOINT WARNING * * *
You block the goblin's attack.
Robin hits you from afar with a +0 spear.
* * * LOW HITPOINT WARNING * * *
You climb upwards.
There is a stone staircase leading down here.
Unknown command.
Unknown command.
It was a potion of curing.
You feel better.
Jessica casts a spell.
Jessica blinks!
The goblin hits you with a +0 dagger.
You are too injured to fight recklessly!
You miss the goblin. The goblin hits you but does no damage.
Jessica barely misses you.
You barely miss the goblin. The goblin hits you but does no damage.
Jessica gestures wildly while chanting.
Jessica blinks!
You block the goblin's attack.
You barely miss the goblin. The goblin hits you with a +0 dagger.
* * * LOW HITPOINT WARNING * * *
You completely miss the goblin. Jessica gestures at you while chanting.
Pain shoots through your body!
You die...

#.# #.# #.# ###########.
#.# #.# #.# #........#..
#.# #.# #.# #.####......
#.# #.# #.# #.# #.#.... #.#
#.# #.####.# #.##### #.#
##.####).....## #.#
#.###)............###.#####
#....@.....................
#####....†@g.###....#......
#.....).......#...#####
#.#.^....###).....#
#.##.##.#####.#####
#.##.##...# #.# #.##..###.#
#.# #.##..# #.# #.# ####
#.##..# #.# #.# #...
#.##..# #.###.# #.##


You could see Jessica and a goblin (strong).

Vanquished Creatures
  A worm (D:2)
  2 dart slugs
  An endoplasm (D:1)
  4 giant cockroaches
  10 goblins
  4 hobgoblins
  A quokka (D:1)
  3 ball pythons
  A bat (D:1)
  2 frilled lizards
  2 rats (D:1)
31 creatures vanquished.

Notes
Turn   | Place    | Note
-------+----------+-------------------------------------------
     0 | D:1      | arthad the Gargoyle Fighter began the quest for the Orb.
     0 | D:1      | Reached XP level 1. HP: 14/14 MP: 1/1
   166 | D:1      | Reached XP level 2. HP: 19/19 MP: 2/2
   581 | D:2      | Reached XP level 3. HP: 23/23 MP: 3/3
   733 | D:2      | Noticed Robin
   734 | D:2      | Noticed Jessica
   812 | D:1      | Killed from afar by Jessica

Illustrated notes

Levels and vault maps discovered:
D:1:      spicycebolla_green_bress_n_ham_2, layout_loops_ring
D:2:      layout_basic, grunt_decor_junction, uniq_jessica, uniq_robin

Action                     || total
---------------------------++-------
  Melee: Flail             ||    85
    Use: Potion            ||     1
 Armour: Scale mail        ||    53
  Dodge: Dodged            ||    54
  Block: Buckler           ||    28

Table legend: (Time is in decaauts)
 A = Elapsed time spent in this place.
 B = Non-inter-level travel time spent in this place.
 C = Inter-level travel time spent in this place.
 D = Time resting spent in this place.
 E = Time spent auto-exploring this place.
 F = Levels seen in this place.
 G = Mean time per level.
                   A        B        C        D        E       F      G
               +--------+--------+--------+--------+--------+-----+--------+
         Total |    842 |    835 |      7 |     29 |    589 |   2 |  421.0 |
       Dungeon |    842 |    835 |      7 |     29 |    589 |   2 |  421.0 |
               +--------+--------+--------+--------+--------+-----+--------+

Top non-repeatable levels by time:
     D:1: 587 daAuts
     D:2: 255 daAuts
